 Dungeon Crawl Stone Soup version 0.17-a0-1830-g81820eb (webtiles) character file.

126 abixa the Chopper (level 5, -5/41 HPs)
             Began as a Ghoul Gladiator on Sept 13, 2015.
             Slain by a human (6 damage)
             ... on level 3 of the Dungeon.
             The game lasted 00:04:20 (1753 turns).

abixa the Chopper (Ghoul Gladiator)                 Turns: 1753, Time: 00:04:20

Health: -5/41      AC:  6    Str: 15    XL:     5   Next: 10%
Magic:  4/4        EV: 12    Int:  3    God:
Gold:   100        SH:  0    Dex: 10    Spells: 0 memorised, 4 levels left

rFire  . . .     SeeInvis .     a - +0 war axe
rCold  + . .     Clarity  .     b - +0 leather armour
rNeg   + + +     SustAt   .     (no shield)
rPois  ∞         Gourm    .     c - +0 helmet
rElec  .         Spirit   .     (no cloak)
rCorr  .         Warding  .     t - +0 pair of gloves
rMut   .         Stasis   .     i - +0 pair of boots
MR     .....                    (no amulet)
Stlth  +.........               z - ring of flight
                                l - -4 ring of strength (curse)

@: rotting, not resistant to hostile enchantments, very unstealthy
A: rotting body, claws 1, carnivore 3, cold resistance 1, negative energy
resistance 3, slow healing 1, torment resistance, unbreathing
a: Evoke Flight


You were on level 3 of the Dungeon.
You were not hungry.

You visited 1 branch of the dungeon, and saw 3 of its levels.

You collected 100 gold pieces.

Inventory:

Hand weapons
 a - a +0 war axe (weapon)
Missiles
 h - 64 stones (quivered)
 m - 17 poisoned needles
 p - 17 exploding sling bullets
 u - 14 arrows
Armour
 b - a +0 leather armour (worn)
 c - a +0 helmet (worn)
 i - a +0 pair of boots (worn)
 j - a +0 chain mail
 t - a +0 pair of gloves (worn)
 v - a +2 robe of fire resistance
 x - a +0 robe of cold resistance
Jewellery
 l - a cursed -4 ring of strength (left hand)
 z - a ring of flight (right hand)
Scrolls
 g - a scroll of noise {unknown}
 k - a scroll of amnesia {unknown}
 n - a scroll of magic mapping {unknown}
 o - a scroll of teleportation {unknown}
 q - 4 scrolls of fog {unknown}
 r - a scroll of identify {unknown}
 y - a scroll of remove curse {unknown}
Potions
 s - a potion of mutation {unknown}
Comestibles
 e - 3 meat rations
 f - a slice of pizza
 w - a chunk of flesh


   Skills:
 - Level 2.1 Fighting
 + Level 5.1 Axes
 - Level 1.7 Throwing
 - Level 2.6 Dodging


You had 4 spell levels left.
You didn't know any spells.

Dungeon Overview and Level Annotations

Branches:
Dungeon (3/15)

Altars:
Fedhas
Gozag
Vehumet
Yredelemnul


Innate Abilities, Weirdness & Mutations

Your body is rotting away.
You thrive on raw meat.
You are immune to poison.
You have sharp fingernails.
You are carnivorous and can eat meat at any time.
Your flesh is cold resistant.
You are immune to negative energy.
You heal slowly when monsters are visible.
You are immune to unholy pain and torment.
You can survive without breathing.


Message History

The human struggles against the net.
You barely miss the human.
The human is severely wounded.
The human struggles against the net.
You hit the human.
The human is severely wounded.
The human struggles against the net. x2
The net rips apart, and the human comes free!
You barely miss the human.
The human is severely wounded.
The human hits you.
* * * LOW HITPOINT WARNING * * *
You miss the human.
The human is severely wounded.
The human hits you.
* * * LOW HITPOINT WARNING * * *
You closely miss the human.
The human is severely wounded.
The human hits you.
You die...

##### #...#
#._.#
####...####
#8.#####.8#
#....@....##
#...#p#....#
#...#.#....#
#...###....#
#....).....#
##.####.#..#
#.####...##
#......###
#####.##


You could see a human.

Vanquished Creatures
  Jessica (D:2)
  An orc wizard (D:2)
  An adder (D:2)
  An ooze (D:2)
  A worm (D:2)
  2 giant geckos
  4 orcs (D:3)
  A ball python (D:1)
  7 bats
  4 giant cockroaches
  4 goblins
  3 hobgoblins (D:1)
  3 jackals (D:2)
  4 giant newts
  A goblin skeleton (D:3)
  A jackal zombie (D:3)
  9 kobolds
  6 rats
54 creatures vanquished.

Notes
Turn   | Place    | Note
--------------------------------------------------------------
     0 | D:1      | abixa the Ghoul Gladiator began the quest for the Orb.
     0 | D:1      | Reached XP level 1. HP: 17/17 MP: 0/0
    83 | D:1      | Reached skill level 3 in Axes
    99 | D:1      | Reached XP level 2. HP: 14/24 MP: 1/1
   438 | D:1      | Reached XP level 3. HP: 27/29 MP: 2/2
   728 | D:2      | Reached skill level 4 in Axes
   905 | D:2      | Found a radiant altar of Vehumet.
   905 | D:2      | Found a blossoming altar of Fedhas.
   905 | D:2      | Found an opulent altar of Gozag.
  1134 | D:2      | Noticed Jessica
  1149 | D:2      | Killed Jessica
  1149 | D:2      | Reached XP level 4. HP: 33/35 MP: 3/3
  1495 | D:2      | Reached skill level 5 in Axes
  1495 | D:2      | Reached XP level 5. HP: 7/41 MP: 4/4
  1694 | D:3      | Found a runed door.
  1694 | D:3      | Noticed a human
  1700 | D:3      | Found a basalt altar of Yredelemnul.
  1752 | D:3      | HP: 1/41 [human (2)]
  1753 | D:3      | Slain by a human

Vault maps used:
D:1:      saegor_arrival_simple_d
D:2:      gammafunk_temple_overflow_claw, uniq_jessica
D:3:      old_standard_altar, lemuel_round_altar, minivault_4,
          dk_yredelemnul_ordeal, uniq_terence

Action                   |  1- 3 |  4- 6 || total
-------------------------+-------+-------++-------
Melee: War axe           |   108 |    63 ||   171
Throw: Throwing net      |       |     3 ||     3
  Eat: Chunk             |     5 |     5 ||    10
